PINL
OGDEN SPIKES @ MEDICINE HAT BLUE JAYS
08/27/1982
 
TOP OF THE 1ST
Ogden Spikes batting - Pitching for Medicine Hat Blue Jays : LHP Brent Milligan
Pitching: LHP Brent Milligan
Batting: LHB Everett Graham 0-0: Fly out, F8 (Flyball, 8LD, EV 101.3 MPH)
Batting: LHB Lenny Harris 0-0: SINGLE (Groundball, 4MD, EV 95.6 MPH)
Batting: RHB Ken Jackson 0-0: Ball
Wild Pitch!
Lenny Harris to second
1-0: Ball
2-0: Ball
3-0: Called Strike
3-1: Base on Balls
Batting: RHB Chuck Lynn 0-0: Called Strike
0-1: Called Strike
0-2: Ball
1-2: Fly out, F8 (Line Drive, 8RD, EV 93.1 MPH)
Batting: RHB Jeffrey Smith 0-0: Ball
1-0: Swinging Strike
1-1: Ground out 5-3 (Groundball, 56, EV 108.8 MPH)
Top of the 1st over - 0 runs, 1 hit, 0 errors, 2 left on base; Ogden 0 - Medicine Hat 0
BOTTOM OF THE 1ST
Medicine Hat Blue Jays batting - Pitching for Ogden Spikes : LHP John Horner
Pitching: LHP John Horner
Batting: LHB Jeffrey Wilson 0-0: Called Strike
0-1: Called Strike
0-2: Ball
1-2: Ball
2-2: Ball
3-2: Foul Ball, location: 2F
3-2: Base on Balls
Batting: RHB Burt Milley 0-0: Ball
1-0: Ball
2-0: Called Strike
2-1: Ball
3-1: SINGLE (Flyball, 8RS, EV 88.8 MPH)
Jeffrey Wilson to second
Runner from 2nd tries for 3rd, SAFE, throw by CF made to third
Batting: RHB Elias Corona 0-0: DOUBLE (Groundball, 5D, EV 94.4 MPH)
Jeffrey Wilson scores
Burt Milley to third
Runner from 3rd tries for Home, SAFE, no throw by LF
Batting: RHB Greg Legg 0-0: Ball
1-0: Ball
2-0: Fly out, F8 (Flyball, 8RD, EV 80.0 MPH)
Batting: RHB Terence Shoebridge 0-0: Called Strike
0-1: Foul Ball, location: 2F
0-2: Strikes out looking
Batting: LHB Alberto Chino 0-0: Called Strike
0-1: Ball
1-1: Called Strike
1-2: Ball
2-2: SINGLE (Groundball, 34D, EV 103.1 MPH) (infield hit)
Elias Corona to third
Batting: SHB Cordie Dillard 0-0: Called Strike
0-1: Ball
1-1: Ground out 6-3 (Groundball, 6S, EV 66.3 MPH)
Bottom of the 1st over - 2 runs, 3 hits, 0 errors, 2 left on base; Ogden 0 - Medicine Hat 2
TOP OF THE 2ND
Ogden Spikes batting - Pitching for Medicine Hat Blue Jays : LHP Brent Milligan
Batting: RHB Wilfredo Tejada 0-0: Ball
1-0: Ball
2-0: Fly out, F3 (Popup, 3F, EV 76.9 MPH)
Batting: LHB Roberto Casasnovas 0-0: Ball
1-0: Ball
2-0: Fly out, F9 (Flyball, 8RM, EV 88.8 MPH)
Batting: RHB Ken Kraft 0-0: Ball
1-0: Ball
2-0: Called Strike
2-1: SINGLE (Line Drive, 78S, EV 99.4 MPH)
Batting: RHB Joey Mackay 0-0: Swinging Strike
0-1: Called Strike
0-2: Strikes out swinging
Top of the 2nd over - 0 runs, 1 hit, 0 errors, 1 left on base; Ogden 0 - Medicine Hat 2
BOTTOM OF THE 2ND
Medicine Hat Blue Jays batting - Pitching for Ogden Spikes : LHP John Horner
Batting: SHB Manuel DelRosario 0-0: Foul Ball, location: 2F
0-1: Reached on error, E6 (Groundball, 6, EV 106.3 MPH)
Batting: LHB Randall Curtis 0-0: Called Strike
0-1: Fly out, F8 (Flyball, 8LD, EV 81.3 MPH)
Batting: LHB Jeffrey Wilson 0-0: Called Strike
0-1: Reached on error, E1 (Groundball, P, EV 69.4 MPH)
Manuel DelRosario to second
Batting: RHB Burt Milley 0-0: Called Strike
0-1: Called Strike
0-2: Fly out, F8 (Flyball, 8RM, EV 85.0 MPH)
Batting: RHB Elias Corona 0-0: Ball
1-0: Called Strike
1-1: Ground out 1-3 (Groundball, 13, EV 69.4 MPH)
Bottom of the 2nd over - 0 runs, 0 hits, 2 errors, 2 left on base; Ogden 0 - Medicine Hat 2
TOP OF THE 3RD
Ogden Spikes batting - Pitching for Medicine Hat Blue Jays : LHP Brent Milligan
Batting: LHB Everett Graham 0-0: Called Strike
0-1: SINGLE (Line Drive, 9S, EV 90.6 MPH)
Batting: LHB Lenny Harris 0-0: Called Strike
0-1: Ball
1-1: Ball
2-1: Swinging Strike
2-2: Foul Ball, location: 2F
2-2: Strikes out swinging
Batting: RHB Ken Jackson 0-0: Ball
1-0: Ball
2-0: Ball
3-0: Called Strike
3-1: Called Strike
3-2: Grounds into double play, 5-4-3 (Groundball, 56, EV 102.5 MPH)
Top of the 3rd over - 0 runs, 1 hit, 0 errors, 0 left on base; Ogden 0 - Medicine Hat 2
BOTTOM OF THE 3RD
Medicine Hat Blue Jays batting - Pitching for Ogden Spikes : LHP John Horner
Batting: RHB Greg Legg 0-0: Ball
1-0: Called Strike
1-1: Ball
2-1: Foul Ball, location: 2F
2-2: Strikes out looking
Batting: RHB Terence Shoebridge 0-0: Ball
1-0: Ball
2-0: Fly out, F8 (Flyball, 89D, EV 87.5 MPH)
Batting: LHB Alberto Chino 0-0: Ball
1-0: Ball
2-0: Ground out U3 (Groundball, 3, EV 87.5 MPH)
Bottom of the 3rd over - 0 runs, 0 hits, 0 errors, 0 left on base; Ogden 0 - Medicine Hat 2
TOP OF THE 4TH
Ogden Spikes batting - Pitching for Medicine Hat Blue Jays : LHP Brent Milligan
Batting: RHB Chuck Lynn 0-0: Foul Ball, location: 2F
0-1: Fly out, F5 (Popup, 5L, EV 53.8 MPH)
Batting: RHB Jeffrey Smith 0-0: Ball
1-0: Ground out 6-3 (Groundball, 6MD, EV 86.9 MPH)
Batting: RHB Wilfredo Tejada 0-0: Ball
1-0: Swinging Strike
1-1: Ball
2-1: Ground out 6-3 (Groundball, 6MD, EV 106.3 MPH)
Top of the 4th over - 0 runs, 0 hits, 0 errors, 0 left on base; Ogden 0 - Medicine Hat 2
BOTTOM OF THE 4TH
Medicine Hat Blue Jays batting - Pitching for Ogden Spikes : LHP John Horner
Batting: SHB Cordie Dillard 0-0: Ball
1-0: Fly out, F9 (Flyball, 9LM, EV 101.9 MPH)
Batting: SHB Manuel DelRosario 0-0: Ball
1-0: DOUBLE (Flyball, 78XD, EV 97.5 MPH)
Batting: LHB Randall Curtis 0-0: DOUBLE (Flyball, 8LD, EV 95.0 MPH)
Manuel DelRosario scores
Batting: LHB Jeffrey Wilson 0-0: Called Strike
0-1: Foul Ball, location: 2F
0-2: Foul Ball, location: 2F
0-2: Ground out 6-3 (Groundball, 6, EV 81.3 MPH)
Batting: RHB Burt Milley 0-0: Foul Ball, location: 2F
0-1: Foul Ball, location: 2F
0-2: Strikes out looking
Bottom of the 4th over - 1 run, 2 hits, 0 errors, 1 left on base; Ogden 0 - Medicine Hat 3
TOP OF THE 5TH
Ogden Spikes batting - Pitching for Medicine Hat Blue Jays : LHP Brent Milligan
Batting: LHB Roberto Casasnovas 0-0: Called Strike
0-1: Ball
1-1: Swinging Strike
1-2: Ball
2-2: Strikes out looking
Batting: RHB Ken Kraft 0-0: Called Strike
0-1: Ball
1-1: Ground out U3 (Groundball, 34, EV 94.4 MPH)
Batting: RHB Joey Mackay 0-0: Bunted foul
0-1: Swinging Strike
0-2: Strikes out swinging
Top of the 5th over - 0 runs, 0 hits, 0 errors, 0 left on base; Ogden 0 - Medicine Hat 3
BOTTOM OF THE 5TH
Medicine Hat Blue Jays batting - Pitching for Ogden Spikes : LHP John Horner
Batting: RHB Elias Corona 0-0: Called Strike
0-1: SINGLE (Line Drive, 78S, EV 90.6 MPH)
Batting: RHB Greg Legg 0-0: Swinging Strike
0-1: Foul Ball, location: 2F
0-2: Strikes out swinging
Batting: RHB Terence Shoebridge 0-0: Ball
1-0: Ball
2-0: Called Strike
2-1: Called Strike
2-2: Strikes out swinging
Batting: LHB Alberto Chino 0-0: Fly out, F4 (Line Drive, 4, EV 68.8 MPH)
Bottom of the 5th over - 0 runs, 1 hit, 0 errors, 1 left on base; Ogden 0 - Medicine Hat 3
TOP OF THE 6TH
Ogden Spikes batting - Pitching for Medicine Hat Blue Jays : LHP Brent Milligan
Batting: LHB Everett Graham 0-0: Foul Ball, location: 2F
0-1: Foul Ball, location: 2F
0-2: Foul Ball, location: 2F
0-2: Ball
1-2: Foul Ball, location: 2F
1-2: Ground out U3 (Groundball, 34S, EV 85.6 MPH)
Batting: LHB Lenny Harris 0-0: Ball
1-0: Foul Ball, location: 2F
1-1: Foul Ball, location: 2F
1-2: Ball
2-2: SINGLE (Groundball, 4M, EV 99.4 MPH) (infield hit)
Batting: RHB Ken Jackson 0-0: Ball
1-0: Called Strike
1-1: Called Strike
1-2: Strikes out swinging
Batting: RHB Chuck Lynn 0-0: Swinging Strike
0-1: Ball
1-1: Swinging Strike
1-2: Strikes out swinging
Top of the 6th over - 0 runs, 1 hit, 0 errors, 1 left on base; Ogden 0 - Medicine Hat 3
BOTTOM OF THE 6TH
Medicine Hat Blue Jays batting - Pitching for Ogden Spikes : LHP John Horner
Batting: SHB Cordie Dillard 0-0: SINGLE (Groundball, 34D, EV 94.4 MPH)
Batting: SHB Manuel DelRosario 0-0: Fly out, F7 (Line Drive, 7, EV 109.4 MPH)
Batting: LHB Randall Curtis 0-0: Reached on error, E5 (Groundball, 5L, EV 81.9 MPH)
Cordie Dillard to second
Batting: LHB Jeffrey Wilson 0-0: Ball
1-0: Ball
2-0: Ball
3-0: Called Strike
3-1: Foul Ball, location: 2F
3-2: Fly out, F7 (Flyball, 7D, EV 99.4 MPH)
Batting: RHB Burt Milley 0-0: Ball
1-0: Ball
2-0: Foul Ball, location: 2F
2-1: Foul Ball, location: 2F
2-2: Ground out 6-3 (Groundball, P, EV 86.9 MPH)
Bottom of the 6th over - 0 runs, 1 hit, 1 error, 2 left on base; Ogden 0 - Medicine Hat 3
TOP OF THE 7TH
Ogden Spikes batting - Pitching for Medicine Hat Blue Jays : LHP Brent Milligan
Batting: RHB Jeffrey Smith 0-0: Ball
1-0: Called Strike
1-1: Foul Ball, location: 2F
1-2: Fly out, F7 (Flyball, 7D, EV 82.5 MPH)
Batting: RHB Wilfredo Tejada 0-0: Ball
1-0: Called Strike
1-1: SINGLE (Groundball, 4MD, EV 95.6 MPH)
Batting: LHB Roberto Casasnovas 0-0: Ball
1-0: Foul Ball, location: 2F
1-1: SINGLE (Line Drive, 8LS, EV 110.6 MPH)
Wilfredo Tejada to second
Batting: RHB Ken Kraft 0-0: Ball
1-0: Swinging Strike
1-1: SINGLE (Flyball, 8LS, EV 96.9 MPH)
Wilfredo Tejada to third
Roberto Casasnovas to second
Batting: RHB Joey Mackay 0-0: Ball
1-0: Called Strike
1-1: Swinging Strike
1-2: Strikes out looking
Batting: LHB Everett Graham 0-0: Called Strike
0-1: Ball
1-1: Called Strike
1-2: Strikes out looking
Top of the 7th over - 0 runs, 3 hits, 0 errors, 3 left on base; Ogden 0 - Medicine Hat 3
BOTTOM OF THE 7TH
Medicine Hat Blue Jays batting - Pitching for Ogden Spikes : LHP John Horner
Batting: RHB Elias Corona 0-0: Ball
1-0: Ball
2-0: DOUBLE (Line Drive, 89D, EV 111.3 MPH)
Batting: RHB Greg Legg 0-0: Intentional Walk
Batting: RHB Terence Shoebridge 0-0: Called Strike
0-1: Ball
1-1: Grounds into double play, 6-4-3 (Groundball, 6, EV 104.4 MPH)
Elias Corona to third
Batting: LHB Alberto Chino 0-0: Ball
1-0: Foul Ball, location: 2F
1-1: Foul Ball, location: 2F
1-2: Ground out 4-3 (Groundball, 34, EV 86.9 MPH)
Bottom of the 7th over - 0 runs, 1 hit, 0 errors, 1 left on base; Ogden 0 - Medicine Hat 3
TOP OF THE 8TH
Ogden Spikes batting - Pitching for Medicine Hat Blue Jays : LHP Brent Milligan
Batting: LHB Lenny Harris 0-0: Called Strike
0-1: DOUBLE (Line Drive, 3D, EV 100.0 MPH)
Batting: RHB Ken Jackson 0-0: Ball
1-0: Called Strike
1-1: Ball
2-1: Fly out, F8 (Flyball, 8RD, EV 84.4 MPH)
Batting: RHB Chuck Lynn 0-0: Swinging Strike
0-1: Ball
1-1: Called Strike
1-2: Strikes out looking
Batting: RHB Jeffrey Smith 0-0: Foul Ball, location: 2F
0-1: Ball
1-1: Ball
2-1: Ball
3-1: Ground out 6-3 (Groundball, 6, EV 83.1 MPH)
Top of the 8th over - 0 runs, 1 hit, 0 errors, 1 left on base; Ogden 0 - Medicine Hat 3
BOTTOM OF THE 8TH
Medicine Hat Blue Jays batting - Pitching for Ogden Spikes : LHP John Horner
Pitching: RHP Douglas Barba
Batting: SHB Cordie Dillard 0-0: Ball
1-0: SINGLE (Groundball, 56D, EV 102.5 MPH)
Batting: SHB Manuel DelRosario 0-0: Ball
1-0: Reached on error, E5 (Groundball, 5, EV 98.1 MPH)
Cordie Dillard to second
Batting: LHB Randall Curtis 0-0: Grounds into double play, 3-6-1 (Groundball, 3, EV 88.8 MPH)
Cordie Dillard to third
Batting: LHB Jeffrey Wilson 0-0: Intentional Walk
Batting: RHB Burt Milley 0-0: SINGLE (Groundball, 5S, EV 75.6 MPH) (infield hit)
Cordie Dillard scores
Jeffrey Wilson to second
Batting: RHB Elias Corona 0-0: Ball
1-0: Ball
2-0: Foul Ball, location: 2F
2-1: Ball
3-1: Foul Ball, location: 2F
3-2: Base on Balls
Jeffrey Wilson to third
Burt Milley to second
Batting: RHB Greg Legg 0-0: Ball
1-0: Foul Ball, location: 2F
1-1: Foul Ball, location: 2F
1-2: Foul Ball, location: 2F
1-2: SINGLE (Line Drive, 89S, EV 110.0 MPH)
Jeffrey Wilson scores
Burt Milley to third
Elias Corona to second
Runner from 3rd tries for Home, SAFE, throw by RF to home
Batting: RHB Terence Shoebridge 0-0: Ball
1-0: SINGLE (Groundball, 6MD, EV 101.3 MPH)
Elias Corona to third
Greg Legg to second
Runner from 3rd tries for Home, SAFE, throw by CF to home
Batting: LHB Alberto Chino 0-0: Ball
1-0: Foul Ball, location: 2F
1-1: Called Strike
1-2: Ground out U3 (Groundball, 3L, EV 105.6 MPH)
Bottom of the 8th over - 4 runs, 4 hits, 1 error, 2 left on base; Ogden 0 - Medicine Hat 7
TOP OF THE 9TH
Ogden Spikes batting - Pitching for Medicine Hat Blue Jays : LHP Brent Milligan
Batting: RHB Wilfredo Tejada 0-0: Called Strike
0-1: Fly out, F9 (Flyball, 9D, EV 90.6 MPH)
Pinch Hitting: RHB Luis Rivera 0-0: Called Strike
0-1: Foul Ball, location: 2F
0-2: Ball
1-2: Fly out, F7 (Flyball, 78XD, EV 102.5 MPH)
Batting: RHB Ken Kraft 0-0: Ball
1-0: Foul Ball, location: 2F
1-1: Swinging Strike
1-2: Ball
2-2: Ball
3-2: SINGLE (Line Drive, 6MD, EV 100.0 MPH)
Batting: RHB Joey Mackay 0-0: Foul Ball, location: 2F
0-1: Foul Ball, location: 2F
0-2: Ball
1-2: Foul Ball, location: 2F
1-2: Ball
2-2: Foul Ball, location: 2F
2-2: Strikes out swinging
Top of the 9th over - 0 runs, 1 hit, 0 errors, 1 left on base; Ogden 0 - Medicine Hat 7
Wednesday, August 26th, 2020 - OOTP Baseball 21.5 Build 76